 Dungeon Crawl Stone Soup version 0.32-a0-779-g362cfcae2a (webtiles) character file.

Game seed: 16225409425994476239

704 pokeman the Thaumaturge (level 7, -6/39 HPs)
             Began as a Deep Elf Hedge Wizard on Mar 19, 2024.
             Mangled by a sleepcap (18 damage)
             ... on level 5 of the Dungeon.
             The game lasted 00:09:32 (5028 turns).

pokeman the Thaumaturge (Deep Elf Hedge Wizard)     Turns: 5028, Time: 00:09:33

Health: -6/39      AC:  2    Str:  7    XL:     7   Next: 39%
Magic:  16/20      EV:  2    Int: 27    God:
Gold:   164        SH:  0    Dex: 14    Spells: 14/22 levels left

rFire   . . .        a - +0 dagger
rCold   . . .        (no shield)
rNeg    . . .        b - +0 robe
rPois   +            c - +0 hat
rElec   .            (no cloak)
rCorr   .            (no gloves)
SInv    .            (no boots)
Will    .....        (no amulet)
Stlth   ++           k - +6 ring of intelligence
HPRegen 0.26/turn    t - ring of poison resistance
MPRegen 0.17/turn

%: no passive effects
@: sleeping
A: no striking features
a: no special abilities


You were on level 5 of the Dungeon.
You visited 2 branches of the dungeon, and saw 6 of its levels.

You collected 164 gold pieces.

Inventory:

Hand Weapons
 a - a +0 dagger (weapon)
Armour
 b - a +0 robe (worn)
 c - a +0 hat (worn)
 p - a +4 ring mail of cold resistance
Jewellery
 k - a +6 ring of intelligence (left hand)
 r - a ring of protection from fire
 t - a ring of poison resistance (right hand)
Wands
 s - a wand of paralysis (3)
Scrolls
 e - 4 scrolls of enchant weapon {unknown}
 h - a scroll of immolation {unknown}
 i - 5 scrolls of identify {unknown}
 l - 2 scrolls of noise {unknown}
 m - 2 scrolls of teleportation {unknown}
 u - a scroll of enchant armour {unknown}
Potions
 d - a potion of magic
 f - 2 potions of curing {unknown}
 g - a potion of invisibility {unknown}
 j - 3 potions of might {unknown}
 n - 3 potions of heal wounds {unknown}
 o - 2 potions of ambrosia {unknown}
 q - a potion of enlightenment {unknown}


   Skills:
 + Level 1.7 Fighting
 - Level 1.0 Armour
 - Level 3.0 Dodging
 - Level 3.0 Stealth
 * Level 8.1 Spellcasting
 + Level 3.9 Conjurations
 - Level 1.1 Summonings
 - Level 1.1 Translocations
 - Level 2.0 Air Magic
 - Level 2.0 Alchemy
 - Level 2.0 Evocations


You had 14 spell levels left.
You knew the following spells:

 Your Spells              Type           Power      Damage    Failure   Level
a - Magic Dart            Conj           100%       1d8       1%          1
b - Mephitic Cloud        Conj/Alch/Air  25%        N/A       5%          3
c - Call Imp              Summ           32%        N/A       4%          2
d - Blink                 Tloc           32%        N/A       4%          2

Your spell library contained the following spells:

 Spells                   Type           Power      Damage    Failure   Level
 Cigotuvi's Dreadful Rot  Necr/Alch/Air  36%        N/A       4%          2
 Slow                     Hex            40%        N/A       5%          1


Dungeon Overview and Level Annotations

Branches:
Dungeon (5/15)             Temple (1/1) D:4

Altars:
Ashenzari
Elyvilon
Fedhas
Gozag
Kikubaaqudgha
Makhleb
Qazlal
Ru
Sif Muna
Trog
Wu Jian
Xom
Yredelemnul

Annotations:
D:4 Loot behind rock, Dowan, Duvessa
D:5 1 runed translucent door


Message History

The sleepcap is lightly damaged.
Casting: Magic Dart (safe; 1% risk of failure)
Confirm with . or Enter, or press ? or * to list all spells.
Aiming: Magic Dart (safe; 1% risk of failure)
Press: ? - help, Shift-Dir - straight line, f/p - sleepcap
Aim: a sleepcap (lightly damaged, 100% to hit)
The magic dart hits the sleepcap but does no damage.
The sleepcap is lightly damaged.
Casting: Magic Dart (safe; 1% risk of failure)
Confirm with . or Enter, or press ? or * to list all spells.
A tiny devil pulls itself out of the air.
Unknown command.
You hit the sleepcap but do no damage.
The sleepcap is lightly damaged.
Your cerulean imp hits the sleepcap but does no damage.
The sleepcap closely misses you.
You hit the sleepcap but do no damage.
The sleepcap is lightly damaged.
Your cerulean imp hits the sleepcap but does no damage.
The sleepcap releases spores at you.
You are engulfed in a cloud of soporific spores!
You fall asleep.
Your cerulean imp hits the sleepcap but does no damage.
The sleepcap releases spores at you!
You wake up.
Your cerulean imp hits the sleepcap but does no damage.
The sleepcap barely misses you.
Your cerulean imp hits the sleepcap with a -3 spear.
You hit the sleepcap but do no damage.
The sleepcap is moderately damaged.
The sleepcap barely misses you.
Your cerulean imp hits the sleepcap but does no damage.
You hit the sleepcap.
The sleepcap is moderately damaged.
The sleepcap releases spores at you!
* * * LOW HITPOINT WARNING * * *
You are engulfed in a cloud of soporific spores!
You fall asleep.
Your cerulean imp hits the sleepcap but does no damage.
The sleepcap releases spores at you!!
You die...

##########
#...@f.5.#
######.####'''#
#...>..#
.!...ß# ###
#.######
........# ..#
#.# ..........#
#.######.##
............
..........#
.............
..#####..##
......###.....
.........#


You could see a sleepcap (ally target) and a friendly cerulean imp (summoned).

Vanquished Creatures
  Eustachio (D:4)
  2 phantoms
  2 scorpions
  2 jellies
  A bombardier beetle (D:4)
  An iguana (D:4)
  Ijyb (D:4)
  Terence (D:3)
  3 adders
  4 dart slugs
  2 ribbon worms
  3 orcs (D:4)
  10 ball pythons
  6 endoplasms
  4 giant cockroaches
  4 goblins
  4 hobgoblins
  3 jackals (D:2)
  9 kobolds
  3 quokkas
  5 bats
  2 frilled lizards (D:1)
  4 rats
77 creatures vanquished.

Vanquished Creatures (collateral kills)
  A sleepcap (D:4)
1 creature vanquished.

Grand Total: 78 creatures vanquished

Notes
Turn   | Place    | Note
-------+----------+-------------------------------------------
     0 | D:1      | pokeman the Deep Elf Hedge Wizard began the quest for the
                  | Orb.
     0 | D:1      | Reached XP level 1. HP: 10/10 MP: 7/7
   288 | D:1      | Reached XP level 2. HP: 16/16 MP: 7/9
   679 | D:1      | Reached skill level 5 in Spellcasting
  1147 | D:2      | Reached XP level 3. HP: 20/20 MP: 1/11
  1151 | D:2      | Learned a level 3 spell: Mephitic Cloud
  1154 | D:2      | Learned a level 2 spell: Call Imp
  1157 | D:2      | Learned a level 2 spell: Blink
  1448 | D:2      | Reached skill level 1 in Armour
  1502 | D:2      | Reached skill level 1 in Fighting
  2027 | D:2      | Reached XP level 4. HP: 25/25 MP: 11/13
  2183 | D:3      | Noticed Terence
  2207 | D:3      | Killed Terence
  2933 | D:4      | Noticed Ijyb
  2933 | D:4      | Paralysed by Ijyb for 4 turns
  2952 | D:4      | Killed Ijyb
  3070 | D:4      | Reached skill level 6 in Spellcasting
  3154 | D:4      | Noticed a phantom
  3216 | D:4      | Reached XP level 5. HP: 29/29 MP: 11/15
  3374 | D:4      | Noticed Eustachio
  3515 | D:4      | Killed Eustachio
  3516 | D:4      | Reached skill level 1 in Air Magic
  3516 | D:4      | Reached skill level 1 in Alchemy
  3516 | D:4      | Reached skill level 1 in Evocations
  3516 | D:4      | Reached XP level 6. HP: 29/34 MP: 5/17
  3766 | D:4      | Reached skill level 7 in Spellcasting
  3868 | D:4      | Found a staircase to the Ecumenical Temple.
  3874 | Temple   | Entered the Ecumenical Temple
  4390 | D:4      | Reached XP level 7. HP: 29/38 MP: 8/20
  4467 | D:4      | Noticed Dowan
  4468 | D:4      | Noticed Duvessa
  4669 | D:5      | Entered Level 5 of the Dungeon
  4869 | D:5      | Found a runed translucent gate.
  4918 | D:5      | Reached skill level 8 in Spellcasting
  5028 | D:5      | Mangled by a sleepcap

Illustrated notes

Levels and vault maps discovered:
D:1:      minmay_arrival_radiant_lines, layout_loops_cross, minmay_domino_2
D:2:      minmay_wonky_spiral, layout_basic
D:3:      layout_basic, uniq_terence
D:4:      layout_cave_pods, minmay_temple_entry_enclosed_plants,
          due_unseen_surprise, uniq_duvessa, uniq_ijyb, uniq_eustachio
D:5:      layout_loops_ring, kennysheep_mini_moat, kennysheep_mini,
          gammafunk_ghost_icy, serial_shops, nicolae_shop_industrial_runoff,
          kennysheep_donut, patterned_corridor
Temple:   cyrus_circular_temple

Skill      XL: |  1  2  3  4  5  6  7 |
---------------+----------------------+-----
Spellcasting   | 5 6 7 8 |  8.1
Armour         | 1 |  1.0
Fighting       | 1 |  1.7
Conjurations   | 2 3 |  3.9
Dodging        | 3 |  3.0
Stealth        | 3 |  3.0
Air Magic      | 1 2 |  2.0
Alchemy        | 1 2 |  2.0
Evocations     | 1 2 |  2.0
Summonings     | |  1.1
Translocations | |  1.1

Action                     |  1- 3 |  4- 6 |  7- 9 || total
---------------------------+-------+-------+-------++-------
  Melee: Dagger            |     3 |    49 |    13 ||    65
   Cast: Magic Dart        |   111 |    98 |    26 ||   235
         Mephitic Cloud    |       |    11 |     6 ||    17
         Call Imp          |       |     5 |     2 ||     7
         Blink             |       |     1 |       ||     1
   Stab: Confused          |       |     8 |       ||     8
 Armour: Robe              |    21 |    23 |    14 ||    58
  Dodge: Dodged            |     9 |    17 |     7 ||    33

Table legend: (Time is in decaauts)
 A = Elapsed time spent in this place.
 B = Non-inter-level travel time spent in this place.
 C = Inter-level travel time spent in this place.
 D = Time resting spent in this place.
 E = Time spent auto-exploring this place.
 F = Levels seen in this place.
 G = Mean time per level.
                   A        B        C        D        E       F      G
               +--------+--------+--------+--------+--------+-----+--------+
         Total |   5025 |   4967 |     58 |    195 |   4102 |   6 |  837.5 |
       Dungeon |   5023 |   4965 |     58 |    195 |   4102 |   5 | 1004.6 |
        Temple |      1 |      1 |      0 |      0 |      0 |   1 |    1.0 |
               +--------+--------+--------+--------+--------+-----+--------+

Top non-repeatable levels by time:
     D:4: 1737 daAuts
     D:2: 1160 daAuts
     D:1: 1001 daAuts
     D:3: 766 daAuts
     D:5: 358 daAuts
  Temple: 1 daAuts
